 Dungeon Crawl Stone Soup version 0.32-a0-86-g8db1b9f803 (webtiles) character file.

Game seed: 1440628058554512363

534 Ceno the Sneak (level 7, -3/32 HPs)
             Began as a Vine Stalker Earth Elementalist on Feb 6, 2024.
             Was a Follower of Uskayaw.
             Slain by Edmund
             ... wielding a +1 flail of protection
              (11 damage)
             ... on level 4 of the Dungeon.
             The game lasted 00:12:47 (3765 turns).

Ceno the Sneak (Vine Stalker Earth Elementalist)    Turns: 3765, Time: 00:12:48

Health: -3/32      AC:  3    Str: 11    XL:     7   Next: 25%
Magic:  0/14       EV: 16    Int: 15    God:    Uskayaw [*.....]
Gold:   262        SH:  0    Dex: 16    Spells: 7/14 levels left

rFire   + . .        a - +0 dagger
rCold   . . .        (no shield)
rNeg    . . .        d - +0 leather armour
rPois   .            (no helmet)
rElec   .            p - scarf {shadows}
rCorr   .            (no gloves)
SInv    .            (no boots)
Will    .....        (no amulet)
Stlth   +++          k - ring of protection from fire
HPRegen 1.05/turn    f - +5 ring of evasion
MPRegen 0.14/turn

%: guardian spirit
@: no status effects
A: fangs 2, regeneration 1, magic shield, antimagic bite, no potion heal 2
a: Renounce Religion, Stomp


You were on level 4 of the Dungeon.
You worshipped Uskayaw.
Uskayaw was noncommittal.
You visited 2 branches of the dungeon, and saw 6 of its levels.

You collected 262 gold pieces.

Inventory:

Hand Weapons
 a - a +0 dagger (weapon)
Missiles
 c - 46 stones (quivered)
 g - 9 poisoned darts
 j - 4 curare-tipped darts
Armour
 d - a +0 leather armour (worn)
 p - a scarf of shadows (worn)
Jewellery
 f - a +5 ring of evasion (right hand)
 k - a ring of protection from fire (left hand)
Scrolls
 i - a scroll of fear {unknown}
 l - 2 scrolls of identify
 o - a scroll of vulnerability {unknown}
 q - a scroll of brand weapon {unknown}
 r - a scroll of immolation {unknown}
Potions
 b - a potion of magic
 e - a potion of attraction
 h - a potion of mutation {unknown}
 m - a potion of brilliance {unknown}
 n - a potion of might {unknown}
 s - a potion of berserk rage {unknown}


   Skills:
 - Level 1.5 Dodging
 + Level 5.3 Stealth
 + Level 4.2 Spellcasting
 + Level 3.7 Conjurations
 + Level 4.7 Earth Magic


You had 7 spell levels left.
You knew the following spells:

 Your Spells              Type           Power      Damage    Failure   Level
a - Sandblast             Erth           34%        2d9       3%          1
b - Passwall              Erth           17%        N/A       10%         3
c - Stone Arrow           Conj/Erth      30%        3d8       12%         3

Your spell library contained the following spells:

 Spells                   Type           Power      Damage    Failure   Level
 Hailstorm                Conj/Ice       8%         3d5       32%         3
 Brom's Barrelling Bould  Conj/Erth      15%        2d4       38%         4
 Summon Ice Beast         Ice/Summ       3%         N/A       56%         3
 Petrify                  Alch/Erth      10%        N/A       65%         4
 Sculpt Simulacrum        Ice/Alch       1%         N/A       100%        6


Dungeon Overview and Level Annotations

Branches:
Dungeon (5/15)             Temple (1/1) D:4

Altars:
Ashenzari
Cheibriados
Elyvilon
Hepliaklqana
Kikubaaqudgha
Makhleb
Nemelex Xobeh
Okawaru
Ru
Sif Muna
Trog
Uskayaw
Wu Jian
Xom
Yredelemnul
Zin
The Shining One

Shops:
D:1 !

Annotations:
D:4 1 runed translucent door, Edmund


Innate Abilities, Weirdness & Mutations

You have extremely sharp teeth.
Your natural rate of healing is unusually fast.
When hurt, damage is shared between your health and your magic reserves.
Your bite disrupts and absorbs the magic of your enemies.
Potions cannot restore your health.


Message History

You barely miss Edmund. Your bite misses Edmund.
Edmund is moderately wounded.
Edmund hits you with a +1 flail of protection.
You hit Edmund but do no damage.
Edmund is moderately wounded.
Edmund hits you with a +1 flail of protection.
You hit Edmund but do no damage. Your bite misses Edmund.
Edmund is moderately wounded.
Edmund closely misses you.
You hit Edmund but do no damage. You punch Edmund, but do no damage.
You bite Edmund, but do no damage.
Edmund is moderately wounded.
Edmund hits you with a +1 flail of protection!
* * * LOW HITPOINT WARNING * * *
You hit Edmund but do no damage. You punch Edmund, but do no damage.
You bite Edmund. You drain his power.
You feel invigorated.
Edmund is moderately wounded.
Edmund closely misses you.
You hit Edmund but do no damage. You bite Edmund, but do no damage.
Edmund is moderately wounded.
Edmund barely misses you.
You hit Edmund but do no damage.
Edmund is moderately wounded.
Edmund says, "A flail is better than a scythe, any day of the week!"
Edmund misses you.
You hit Edmund but do no damage. You punch Edmund, but do no damage.
Edmund is moderately wounded.
Edmund says, "Maybe I'll buy a title.
How does Count Edmund sound?"
Edmund misses you.
You completely miss Edmund. You bite Edmund, but do no damage.
Edmund is moderately wounded.
Edmund says, "People will remember me!
They'll remember me and die!"
Edmund hits you with a +1 flail of protection!
* * * LOW HITPOINT WARNING * * *
You barely miss Edmund. You bite Edmund, but do no damage.
Edmund is moderately wounded.
Edmund hits you with a +1 flail of protection!
You die...
Edmund says, "I'd like to see a scythe do that!"
Your body falls in perfect tune with the rhythm.

.....#...#####.##.....##.#######
........)..)##.####...##.#.....#
.......#.##)##.# #........###.#
.......#.##.##.# ##.#.#.#..# #.#
.............#.###.........#
#.##
..........#....#....#.#.#)<#
#...
....#.#.#.##.#...##......).#
####
..........##.#...##.#.#.#..#
#...#.#.#....#)#@##........#
#..............#@###########
#.#.#.#.#.###..#.###
#.........##.......#
#########..#.#...#.#
##.........# #####.#...# ###..##
#..#


You could see Edmund.

Vanquished Creatures
  A phantom (D:4)
  A scorpion (D:4)
  A jelly (D:4)
  A hound (D:4)
  A bombardier beetle (D:4)
  An iguana (D:4)
  Natasha (thrice) (D:4)
  14 adders
  2 dart slugs
  A ribbon worm (D:2)
  7 orcs
  6 endoplasms
  4 hobgoblins
  6 jackals
  3 quokkas
  11 ball pythons
  6 bats
  2 frilled lizards
  3 goblins
  9 kobolds
  8 rats
91 creatures vanquished.

Notes
Turn   | Place    | Note
-------+----------+-------------------------------------------
     0 | D:1      | Ceno the Vine Stalker Earth Elementalist began the quest
                  | for the Orb.
     0 | D:1      | Reached XP level 1. HP: 9/9 MP: 4/4
   318 | D:1      | Reached XP level 2. HP: 6/13 MP: 0/6
   413 | D:1      | Found Zangewne's Distillery.
   933 | D:2      | Reached skill level 3 in Stealth
   933 | D:2      | Reached XP level 3. HP: 16/16 MP: 5/7
  1166 | D:2      | Learned a level 3 spell: Passwall
  1540 | D:2      | Reached XP level 4. HP: 21/21 MP: 4/9
  1546 | D:2      | Learned a level 3 spell: Stone Arrow
  2183 | D:3      | Found a broken altar of Ashenzari.
  2218 | D:3      | Found a sacrificial altar of Ru.
  2296 | D:3      | Reached XP level 5. HP: 24/24 MP: 10/10
  2354 | D:3      | Reached skill level 4 in Stealth
  2888 | D:4      | Noticed a phantom
  2998 | D:4      | Reached XP level 6. HP: 28/28 MP: 9/12
  3191 | D:4      | Found a runed translucent door.
  3206 | D:4      | Found a sparkling altar of Nemelex Xobeh.
  3209 | D:4      | Found a shimmering altar of Xom.
  3210 | D:4      | Found a hazy altar of Hepliaklqana.
  3210 | D:4      | Found a white marble altar of Elyvilon.
  3211 | D:4      | Found a glowing silver altar of Zin.
  3233 | D:4      | Reached skill level 5 in Stealth
  3462 | D:4      | Noticed Natasha
  3464 | D:4      | Reached XP level 7. HP: 32/32 MP: 14/14
  3465 | D:4      | Killed Natasha
  3496 | D:4      | Found a staircase to the Ecumenical Temple.
  3504 | Temple   | Entered the Ecumenical Temple
  3547 | Temple   | Became a worshipper of Uskayaw the Reveller
  3616 | D:4      | Noticed Natasha
  3629 | D:4      | Reached * piety under Uskayaw
  3632 | D:4      | Killed Natasha
  3641 | D:4      | Noticed Natasha
  3647 | D:4      | Reached ** piety under Uskayaw
  3651 | D:4      | Killed Natasha
  3736 | D:5      | Entered Level 5 of the Dungeon
  3736 | D:5      | Noticed Edmund
  3765 | D:4      | Slain by Edmund

Illustrated notes

Levels and vault maps discovered:
D:1:      dpeg_arrival_tiny_e, layout_basic, serial_shops,
          nicolae_shop_advertising_works [nicolae_subvault_shop_adworks],
          minmay_crystal_water
D:2:      layout_basic, corexii_shack, kennysheep_generic_room_4
D:3:      layout_basic, amcnicky_altar_gilded, lemuel_round_altar,
          minmay_snake_closets
D:4:      layout_basic, grunt_temple_overflow_open,
          minmay_temple_entry_overgrown, serial_glass, glass_columns_b,
          glass_columns_b, uniq_crazy_yiuf_cottage, uniq_natasha
D:5:      layout_loops_ring, fedhas_altar_decomposition, kennysheep_doodads,
          due_unseen_surprise, uniq_edmund, uniq_eustachio
Temple:   hellmonk_temple_beads

Skill      XL: |  1  2  3  4  5  6 |
---------------+-------------------+-----
Stealth        | 3 4 5 |  5.3
Conjurations   | 2 3 |  3.7
Spellcasting   | 3 4 |  4.2
Earth Magic    | 4 |  4.7
Dodging        | |  1.5

Action                     |  1- 3 |  4- 6 |  7- 9 || total
---------------------------+-------+-------+-------++-------
  Melee: Dagger            |    41 |   113 |    43 ||   197
         Bite              |    11 |    22 |    16 ||    49
         Punch             |     3 |     3 |     4 ||    10
  Throw: Stone             |     3 |     2 |       ||     5
   Cast: Sandblast         |    34 |    20 |     1 ||    55
         Passwall          |     2 |     6 |       ||     8
         Stone Arrow       |       |     2 |       ||     2
    Use: Scroll            |       |     2 |       ||     2
         Potion            |       |     1 |       ||     1
   Stab: Sleeping          |     4 |    17 |     2 ||    23
 Armour: Robe              |     7 |       |       ||     7
         Leather armour    |    14 |    56 |    25 ||    95
  Dodge: Dodged            |    32 |    90 |    22 ||   144

Table legend: (Time is in decaauts)
 A = Elapsed time spent in this place.
 B = Non-inter-level travel time spent in this place.
 C = Inter-level travel time spent in this place.
 D = Time resting spent in this place.
 E = Time spent auto-exploring this place.
 F = Levels seen in this place.
 G = Mean time per level.
                   A        B        C        D        E       F      G
               +--------+--------+--------+--------+--------+-----+--------+
         Total |   3792 |   3685 |    107 |    337 |   2069 |   6 |  632.0 |
       Dungeon |   3705 |   3640 |     65 |    337 |   2069 |   5 |  741.0 |
        Temple |     86 |     44 |     42 |      0 |      0 |   1 |   86.0 |
               +--------+--------+--------+--------+--------+-----+--------+

Top non-repeatable levels by time:
     D:2: 1247 daAuts
     D:1: 908 daAuts
     D:3: 859 daAuts
     D:4: 686 daAuts
  Temple: 86 daAuts
     D:5: 4 daAuts
